 Dungeon Crawl Stone Soup version 0.22-a0-445-g8c8ef71 (webtiles) character file.

41524 Gorglomux the Champion of Chaos (level 13, -6/124 HPs)
             Began as a Deep Dwarf Fighter on June 2, 2018.
             Was the Champion of Makhleb.
             Mangled by a black mamba (10 damage)
             ... on level 3 of the Snake Pit.
             The game lasted 00:06:53 (6815 turns).

Gorglomux the Champion of Chaos (DDFi)              Turns: 6815, Time: 00:06:53

Health: -6/124     AC: 18    Str: 32    XL:     13   Next: 80%
Magic:  3/15       EV:  5    Int:  9    God:    Makhleb [******]
Gold:   519        SH: 14    Dex: 12    Spells: 12/12 levels left

rFire    . . .     SeeInvis .   U - +8 mithril axe "Arga" {speed, MR+}
rCold    . . .     Gourm    .   c - +0 shield
rNeg     . . .     Faith    .   N - +1 plate armour of the Garden {*Slow Str+7}
rPois    .         Spirit   .   (no helmet)
rElec    .         Reflect  .   (no cloak)
rCorr    .         Harm     .   G - +0 pair of gloves
MR       +++..                  (no boots)
Stlth    ..........             M - amulet of rage
HPRegen  0.00/turn              m - ring of protection from magic
MPRegen  0.14/turn              A - ring of loudness (curse)

@: lethally poisoned (-6 -> -94), berserk cooldown, non-regenerating, slowed,
constricted, very slow
A: damage resistance, heal wounds, sense surroundings 2, no regeneration
a: Heal Wounds, Minor Destruction, Lesser Servant of Makhleb, Major Destruction,
Greater Servant of Makhleb, Renounce Religion, Evoke Berserk Rage


You were on level 3 of the Snake Pit.
You worshipped Makhleb.
Makhleb was exalted by your worship.
You were not hungry.

You visited 5 branches of the dungeon, and saw 18 of its levels.

You collected 519 gold pieces.

Inventory:

Hand Weapons
 a - a +0 war axe
 U - the +8 mithril axe "Arga" (weapon) {speed, MR+}
   (You found it on level 4 of the Dungeon)

   Attacks with this weapon are significantly faster.
   It affects your resistance to hostile enchantments.
Missiles
 Z - a throwing net (quivered)
Armour
 b - a +0 scale mail
 c - a +0 shield (worn)
 G - a +0 pair of gloves (worn)
 K - a +0 plate armour
 N - the +1 plate armour of the Garden (worn) {*Slow Str+7}
   (You found it on level 7 of the Dungeon)

   It affects your strength (+7).
   It may slow you when you take damage.
Jewellery
 m - a ring of protection from magic (left hand)
 A - a cursed ring of loudness (right hand)
 F - an uncursed amulet of the gourmand {unknown}
 L - an uncursed amulet of the acrobat
 M - an amulet of rage (around neck)
 S - a +3 amulet of reflection
Wands
 D - a wand of digging (12)
 O - a wand of clouds (4)
 P - a wand of paralysis (11)
Scrolls
 h - a scroll of fog {unknown}
 i - 7 scrolls of remove curse {i}
 n - 3 scrolls of noise {unknown}
 o - 2 scrolls of magic mapping {unknown}
 z - a scroll of amnesia {unknown}
 C - a scroll of enchant weapon {unknown}
 H - a scroll of blinking {unknown}
 R - a scroll of fear {unknown}
 T - 6 scrolls of teleportation
Potions
 d - 2 potions of might
 k - a potion of degeneration
 l - 2 potions of mutation {unknown}
 p - a potion of berserk rage {unknown}
 B - a potion of flight {unknown}
 E - a potion of lignification {unknown}
 I - 2 potions of haste {unknown}
 J - a potion of ambrosia {unknown}
 Q - 2 potions of curing
 X - 2 potions of magic {unknown}
 Y - 4 potions of heal wounds
Miscellaneous
 V - a phantom mirror
 W - a sack of spiders
Comestibles
 f - 15 rations
 q - 5 chunks of flesh


   Skills:
 + Level 10.4 Fighting
 + Level 12.1 Axes
 + Level 12.2 Armour
 + Level 12.3 Shields
 + Level 13.1 Invocations
 - Level 3.0 Evocations


You had 12 spell levels left.
You didn't know any spells.
Your spell library contained the following spells:

 Spells                   Type           Power        Failure   Level  Hunger
 Cause Fear               Hex            #.........   100%        4    #####..
 Apportation              Tloc           #.....       97%         1    ##.....
 Bolt of Cold             Conj/Ice       #.........   100%        6    #######
 Bolt of Magma            Conj/Fire/Erth #.........   100%        5    ######.
 Slow                     Hex            #.......     99%         2    ###....
 Freezing Cloud           Conj/Ice/Air   #.........   100%        6    #######
 Venom Bolt               Conj/Pois      #.........   100%        5    ######.
 Summon Small Mammal      Summ           #...         97%         1    ##.....
 Animate Skeleton         Necr           N/A          97%         1    ##.....
 Ozocubu's Refrigeration  Ice            #.........   100%        6    #######
 Summon Ice Beast         Ice/Summ       #.......     100%        4    #####..
 Call Imp                 Summ           #.......     99%         2    ###....
 Iron Shot                Conj/Erth      #.........   100%        6    #######
 Ice Form                 Ice/Tmut       #.......     100%        4    #####..
 Confusing Touch          Hex            #.....       97%         1    ##.....
 Call Canine Familiar     Summ           #.......     100%        3    ####...
 Metabolic Englaciation   Hex/Ice        #.........   100%        5    ######.
 Corona                   Hex            #......      97%         1    ##.....
 Simulacrum               Ice/Necr       #.........   100%        6    #######
 Portal Projectile        Hex/Tloc       #.....       100%        3    ####...
 Orb of Destruction       Conj           #.........   100%        7    #######
 Leda's Liquefaction      Hex/Erth       #.........   100%        4    #####..
 Inner Flame              Hex/Fire       #.......     100%        3    ####...
 Iskenderun's Battlesphe  Conj/Chrm      #.......     100%        5    ######.
 Summon Lightning Spire   Summ/Air       #.......     100%        4    #####..
 Summon Guardian Golem    Hex/Summ       #.......     100%        3    ####...
 Spellforged Servitor     Conj/Summ      #.........   100%        7    #######


Dungeon Overview and Level Annotations

Branches:
Dungeon (11/15)            Temple (1/1) D:4            Lair (2/6) D:11
  Swamp (1/4) Lair:2        Snake (3/4) Lair:2
    Orc: D:9-12

Altars:
Ashenzari
Cheibriados
Elyvilon
Gozag
Makhleb
Nemelex Xobeh
Qazlal
Ru
Sif Muna
Trog
Vehumet
Wu Jian
Xom
Yredelemnul
Zin
The Shining One

Shops:
D:10 (


Innate Abilities, Weirdness & Mutations

You are resistant to damage.
You can heal yourself by infusing magical energy.
You passively map the area around you.
You do not regenerate.


Message History

Unknown command!
Unknown command!
Your magical essence is drained by the effort!!!
You butt much better!
You feel extremely sick!
You are more poisoned!
The black mamba bites you!
The nagaraja hits you with a flail!!! * * * don't die
* * * The nagaraja constricts you!
The butt mage spits poison at you! The splash of butt hits you!!!
You are more poisoned!
You block the black mamba's attack!
The nagaraja points at you and mumbles some butt words!
The poison arrow hits you!!!
You are more poisoned! * * * don't die
* * * The nagaraja constricts you!
You block the naga mage's attack! The black mamba bites you!!! butt

* , , ** ,
,, * , ,
,,,, ,* **,
* , * *
##### , * ,
* ##...##* *
,, * ,,
##8N@.8## ,
,
*,#.SSN...#
, ,..
#...NN8.>.#*
,, ..
###.......#
, ,.
##8.>.8## *
, , , ##
##...## , ,
#. ##### ,,
,#. * , .. ,
, #.


You could see a nagaraja, a naga ritualist, 2 black mambas, a naga mage and a
naga.

Vanquished Creatures
  2 nagarajas (Snake:2)
  4 hydras
  4 naga warriors
  4 anacondas
  A two-headed ogre (D:10)
  3 shock serpents
  3 naga sharpshooters (Snake:2)
  An unseen horror (D:11)
  4 naga ritualists
  4 mana vipers
  A salamander (Snake:2)
  A centaur zombie (D:11)
  3 guardian serpents
  13 black mambas
  2 spiny frogs
  5 naga magi
  A rime drake (Lair:2)
  3 komodo dragons
  2 ice devils (Lair:2)
  A troll (D:9)
  3 tyrant leeches (Lair:2)
  2 hornets
  6 slime creatures (D:10)
  2 hippogriffs
  Sigmund (D:2)
  A spriggan (D:7)
  26 yaks
  A wraith (D:10)
  Eustachio (D:4)
  A steam dragon (Lair:2)
  A hungry ghost (D:10)
  Menkaure (D:5)
  10 nagas
  A swamp worm (Lair:2)
  A porcupine (Lair:1)
  Duvessa (D:7)
  3 water moccasins
  3 orc warriors
  3 ice beasts
  A sky beast (D:5)
  3 ogres
  2 phantoms
  6 wolves (Lair:2)
  4 centaurs
  2 crocodiles (Lair:1)
  3 big kobolds (D:10)
  6 bullfrogs
  Dowan (D:7)
  2 scorpions
  5 killer bees (D:10)
  An electric eel (Lair:2)
  A crimson imp (D:5)
  7 hounds
  A jelly (D:5)
  7 orc wizards
  3 orc priests
  2 bullfrog skeletons
  An iguana (D:5)
  5 worker ants
  A killer bee zombie (D:10)
  A hound skeleton (D:4)
  A worker ant zombie (D:8)
  12 adders
  A shadow imp (D:9)
  2 oozes
  An adder skeleton (D:4)
  A dart slug (D:4)
  5 leopard geckos
  30 orcs
  3 giant cockroaches
  3 goblins
  3 hobgoblins
  5 jackals
  18 kobolds
  A quokka (D:9)
  4 bats
  3 frilled lizards
  A jackal zombie (D:7)
  3 leopard gecko skeletons
  2 quokka skeletons (D:7)
  4 rats
  2 plants (Lair:2)
300 creatures vanquished.

Vanquished Creatures (others)
  A centaur (D:10)
1 creature vanquished.

Grand Total: 301 creatures vanquished

Notes
Turn   | Place    | Note
-------+----------+-------------------------------------------
     0 | D:1      | Gorglomux the Deep Dwarf Fighter began the quest for the Orb.
     0 | D:1      | Reached XP level 1. HP: 20/20 MP: 1/1
   173 | D:1      | Reached XP level 2. HP: 27/27 MP: 2/2
   515 | D:2      | Reached skill level 3 in Fighting
   597 | D:2      | Reached XP level 3. HP: 26/34 MP: 3/3
   679 | D:2      | Found a sacrificial altar of Ru.
   757 | D:2      | Noticed Sigmund
   769 | D:2      | Killed Sigmund
   769 | D:2      | Reached skill level 3 in Axes
   769 | D:2      | Reached XP level 4. HP: 23/44 MP: 4/4
   769 | D:2      | Reached XP level 5. HP: 27/50 MP: 5/5
  1064 | D:3      | Reached XP level 6. HP: 43/57 MP: 6/6
  1293 | D:4      | Found a staircase to the Ecumenical Temple.
  1305 | Temple   | Entered the Ecumenical Temple
  1395 | Temple   | Became a worshipper of Makhleb the Destroyer
  1460 | D:4      | Noticed Eustachio
  1519 | D:4      | Killed Eustachio
  1519 | D:4      | Reached XP level 7. HP: 33/64 MP: 5/5
  1579 | D:4      | Reached skill level 1 in Invocations
  1666 | D:4      | Found the +8 mithril axe "Arga" {speed, MR+}
  1938 | D:4      | Reached skill level 2 in Invocations
  1942 | D:4      | Reached * piety under Makhleb
  2145 | D:5      | Entered Level 5 of the Dungeon
  2145 | D:5      | Noticed Menkaure
  2151 | D:5      | Killed Menkaure
  2207 | D:5      | Found a deep blue altar of Sif Muna.
  2337 | D:5      | Reached skill level 6 in Shields
  2337 | D:5      | Reached skill level 3 in Invocations
  2337 | D:5      | Reached XP level 8. HP: 69/73 MP: 8/8
  2380 | D:5      | Reached skill level 6 in Armour
  2517 | D:6      | Reached skill level 4 in Invocations
  2639 | D:6      | Found a bloodstained altar of Trog.
  2640 | D:6      | Noticed a wizard
  2673 | D:7      | Got a heavily runed plate armour
  2679 | D:7      | Noticed Duvessa
  2680 | D:7      | Noticed Dowan
  2685 | D:7      | Killed Duvessa
  2685 | D:7      | Reached skill level 6 in Axes
  2690 | D:7      | Killed Dowan
  2693 | D:7      | Reached ** piety under Makhleb
  2704 | D:7      | Identified the +1 plate armour of the Garden {*Slow Str+7} (You found it on level 7 of the Dungeon)
  2908 | D:7      | Reached skill level 5 in Invocations
  2908 | D:7      | Gained mutation: You passively map the area around you. [Deep Dwarf growth]
  2908 | D:7      | Reached XP level 9. HP: 30/81 MP: 10/10
  2927 | D:7      | Found a sacrificial altar of Ru.
  3163 | D:8      | Reached skill level 6 in Fighting
  3163 | D:8      | Reached skill level 6 in Invocations
  3431 | D:9      | Reached skill level 7 in Invocations
  3434 | D:9      | Reached XP level 10. HP: 92/92 MP: 13/13
  3448 | D:9      | Reached *** piety under Makhleb
  3715 | D:10     | Entered Level 10 of the Dungeon
  3794 | D:10     | Reached skill level 8 in Invocations
  3807 | D:10     | Reached **** piety under Makhleb
  3887 | D:10     | Found Dofy's Weapon Shop.
  3990 | D:10     | Noticed a two-headed ogre
  3997 | D:10     | Killed a two-headed ogre
  3999 | D:10     | Reached skill level 9 in Armour
  3999 | D:10     | Reached skill level 9 in Shields
  4015 | D:10     | Reached XP level 11. HP: 100/100 MP: 15/15
  4062 | D:10     | Reached skill level 9 in Invocations
  4067 | D:10     | Reached skill level 9 in Axes
  4449 | D:11     | Killed an unseen horror
  4465 | D:11     | Found a staircase to the Lair.
  4673 | Lair:1   | Entered Level 1 of the Lair of Beasts
  4760 | Lair:1   | Reached ***** piety under Makhleb
  4802 | Lair:1   | Noticed a four-headed hydra
  4813 | Lair:1   | Killed a ten-headed hydra
  5021 | Lair:1   | Reached skill level 10 in Invocations
  5062 | Lair:1   | Noticed a four-headed hydra
  5072 | Lair:1   | Killed a nine-headed hydra
  5072 | Lair:1   | Reached skill level 1 in Evocations
  5124 | Lair:1   | Noticed a six-headed hydra
  5135 | Lair:1   | Killed an 11-headed hydra
  5195 | Lair:1   | Reached skill level 3 in Evocations
  5403 | Lair:2   | Found a staircase to the Snake Pit.
  5428 | Lair:2   | Noticed an eight-headed hydra
  5431 | Lair:2   | Reached XP level 12. HP: 99/112 MP: 17/17
  5440 | Lair:2   | Killed a 14-headed hydra
  5630 | Lair:2   | Found a frozen archway.
  5912 | Lair:2   | Found a staircase to the Swamp.
  5919 | Swamp:1  | Entered Level 1 of the Swamp
  6036 | Snake:1  | Entered Level 1 of the Snake Pit
  6055 | Snake:1  | Noticed an anaconda
  6065 | Snake:1  | Reached skill level 11 in Invocations
  6065 | Snake:1  | Reached skill level 9 in Fighting
  6068 | Snake:1  | Killed an anaconda
  6279 | Snake:2  | Noticed a nagaraja
  6283 | Snake:2  | Killed a nagaraja
  6303 | Snake:2  | Noticed a nagaraja
  6312 | Snake:2  | Killed a nagaraja
  6351 | Snake:2  | Reached skill level 12 in Invocations
  6351 | Snake:2  | Reached XP level 13. HP: 64/122 MP: 17/19
  6713 | Snake:3  | Reached ****** piety under Makhleb
  6713 | Snake:3  | Reached skill level 12 in Shields
  6717 | Snake:3  | Reached skill level 12 in Armour
  6791 | Snake:3  | Reached skill level 12 in Axes
  6791 | Snake:3  | Reached skill level 13 in Invocations
  6809 | Snake:3  | Noticed a nagaraja
  6813 | Snake:3  | HP: 6/124 [nagaraja/flail (3)]
  6815 | Snake:3  | Mangled by a black mamba

Vault maps used:
D:1:      tarquinn_simple_flora_water_f
D:2:      dancing_weapons_uskayaw, first_ration, nicolae_ru_awakened_eye,
          uniq_sigmund
D:3:      uniq_jessica
D:4:      minmay_temple_entry_statues_pillars, uniq_eustachio
D:5:      tgw_sif, abandoned_shop, minmay_tree_intersection, uniq_menkaure
D:6:      cheibrodos_two_vegetables, nicolae_dithmenos_shadow_blocks,
          st_stairs_12, hangedman_abyss_or_decor_stagger, trog_wizard
D:7:      grunt_temple_overflow_growth_and_decay, kennysheep_little_box,
          lemuel_doored_altar, the_bakery, uniq_duvessa
D:8:      hangedman_cross_stitches, kennysheep_okawaru_gauntlet, uniq_maurice
D:10:     serial_shops, nicolae_shop_behind_doors
D:11:     lemuel_castle_with_subvaults, lair_entry_dummy
Temple:   jpeg_temple_clearing
Lair:1:   serial_bayou_shore_b, uniq_joseph
Lair:2:   minmay_swamp_entry_worms, dummy_snake_entry,
          portal_ice_cave_demonic_guard, grunt_megastairs_2,
          minmay_lair_oklob_chamber, lemuel_fruit_tree, serial_bayou_shore_b,
          serial_bayou_shore_b, uniq_harold
Swamp:1:  evilmike_swamp_ruin_house_2
Snake:1:  hangedman_cross_veins, special_room, serial_shops, shop
Snake:2:  st_stairs_5, serial_bayou_shore_b
Snake:3:  serial_shops, bzr_in_the_mist, serial_bayou_ford_a, st_stairs_3,
          grunt_ministairs_7

Skill      XL: |  1  2  3  4  5  6  7  8  9 10 11 12 13 |
---------------+----------------------------------------+-----
Fighting       | 3 4 5 6 7 8 9 10 | 10.4
Axes           | 3 4 5 6 7 8 10 11 12 | 12.1
Armour         | 4 5 6 8 9 10 11 12 | 12.2
Shields        | 4 5 6 7 8 9 10 11 12 | 12.3
Invocations    | 3 5 7 8 10 12 13 | 13.1
Evocations     | 3 |  3.0

Action                   |  1- 3 |  4- 6 |  7- 9 | 10-12 | 13-15 || total
-------------------------+-------+-------+-------+-------+-------++-------
Melee: War axe           |    92 |   155 |    23 |       |       ||   270
       Broad axe         |       |       |   209 |   397 |   131 ||   737
Invok: Minor Destruction |       |       |       |     1 |       ||     1
 Abil: Heal Wounds       |       |     4 |     3 |     6 |    20 ||    33
       Evoke Berserk Rag |       |       |       |     6 |     4 ||    10
  Use: Scroll            |       |       |       |     8 |     2 ||    10
       Potion            |       |       |       |     1 |     2 ||     3
  Eat: Chunk             |       |     2 |     7 |    12 |       ||    21
       Ration            |       |       |       |     1 |     2 ||     3
Armor: Scale mail        |    54 |    50 |       |       |       ||   104
       Plate armour      |       |   158 |    87 |   176 |    84 ||   505
Dodge: Dodged            |    34 |    52 |    25 |    76 |    36 ||   223
Block: Shield            |    55 |   149 |   129 |   293 |   132 ||   758
       Reflection        |       |     1 |     8 |     5 |       ||    14

Table legend:
 A = Spawn XP
 B = Non-spawn XP
 C = Spawn XP percentage of total XP
 D = Spawn monster count
 E = Non-spawn monster count
 F = Spawn count percentage of total count
 G = Total turns spent on level
                    A         B        C        D         E        F      G
               +---------+---------+-------+---------+---------+-------+---------
         Total |       0 |   59320 |   0.0 |       0 |     299 |   0.0 |  6815
               +---------+---------+-------+---------+---------+-------+---------
           D:1 |       0 |      19 |   0.0 |       0 |       9 |   0.0 |   436
           D:2 |       0 |     314 |   0.0 |       0 |      17 |   0.0 |   516
           D:3 |       0 |      90 |   0.0 |       0 |       8 |   0.0 |   218
           D:4 |       0 |     674 |   0.0 |       0 |      27 |   0.0 |   864
           D:5 |       0 |     627 |   0.0 |       0 |      14 |   0.0 |   331
           D:6 |       0 |     315 |   0.0 |       0 |       6 |   0.0 |   181
           D:7 |       0 |    1095 |   0.0 |       0 |      21 |   0.0 |   377
           D:8 |       0 |    1217 |   0.0 |       0 |      12 |   0.0 |   191
           D:9 |       0 |    2720 |   0.0 |       0 |      24 |   0.0 |   490
          D:10 |       0 |    5247 |   0.0 |       0 |      49 |   0.0 |   675
          D:11 |       0 |    2778 |   0.0 |       0 |      16 |   0.0 |   283
        Lair:1 |       0 |    5288 |   0.0 |       0 |      16 |   0.0 |   658
        Lair:2 |       0 |    5886 |   0.0 |       0 |      24 |   0.0 |   703
       Snake:1 |       0 |    5840 |   0.0 |       0 |      11 |   0.0 |   229
       Snake:2 |       0 |   18910 |   0.0 |       0 |      30 |   0.0 |   435
       Snake:3 |       0 |    8300 |   0.0 |       0 |      15 |   0.0 |   115
               +---------+---------+-------+---------+---------+-------+---------
